 Dungeon Crawl Stone Soup version 0.17.1-3-g152610e (webtiles) character file.

228413 hannobal the Tortoise (level 18, 87/156 HPs)
             Began as a Demigod Assassin on Mar 1, 2016.
             Drowned
             ... on level 4 of the Shoals on Mar 9, 2016.
             The game lasted 05:02:50 (54865 turns).

hannobal the Tortoise (Demigod Assassin)           Turns: 54865, Time: 05:02:50

Health: 87/156     AC: 27    Str: 30    XL:     18   Next: 6%
Magic:  22/22      EV: 19    Int: 20    God:
Gold:   710        SH:  6    Dex: 17    Spells: 5 memorised, 12 levels left

rFire  + . .     SeeInvis .     a - +9 demon blade (freeze)
rCold  + . .     Clarity  .     p - +4 gold dragon armour
rNeg   + . .     SustAt   +     s - +0 buckler
rPois  +         Gourm    .     y - +0 hat of the Pure Lies {+Blink rN+ MP-9 Int+5}
rElec  .         Spirit   .     v - +0 cloak {+Inv}
rCorr  .         Warding  .     J - +0 pair of gloves
rMut   .         Stasis   .     (no boots)
MR     +....                    R - amulet of regeneration
Stlth  ..........               z - +6 ring of strength
                                m - +5 ring of evasion

@: manticore barbs, somewhat resistant to hostile enchantments, extremely
unstealthy
A: repulsion field 2, clumsy 1, deterioration 1, high mp 1, poison resistance,
spit poison 1, sustain attributes
a: Spit Poison, Evoke Blink, Evoke Invisibility
}: 1/15 runes: gossamer


You were on level 4 of the Shoals.
You were not hungry.

You visited 6 branches of the dungeon, and saw 36 of its levels.
You also visited: Labyrinth, Ossuary, Ice Cave and Volcano.

You collected 3218 gold pieces.
You spent 2508 gold pieces at shops.

Inventory:

Hand Weapons
 a - a +9 demon blade of freezing (weapon)
 w - a +2 blowgun
Missiles
 d - 5 steel javelins (quivered)
 f - 7 poisoned javelins
 F - 11 javelins of returning
 I - 4 curare-tipped needles
 W - 12 javelins
 Z - 12 javelins of penetration
Armour
 p - a +4 gold dragon armour (worn)
 s - a +0 buckler (worn)
 v - a +0 cloak of invisibility (worn)
 y - the +0 hat of the Pure Lies (worn) {+Blink rN+ MP-9 Int+5}
   (You acquired it on level 3 of the Shoals)

   It affects your intelligence (+5).
   It protects you from negative energy.
   It affects your magic capacity (-9).
   It lets you blink.
 J - a +0 pair of gloves (worn)
 P - a +2 pair of boots of running
 T - a +2 helmet of intelligence
 X - a +1 pair of boots of flying
Magical Staves
 c - an uncursed staff of air
Rods
 b - a +1 rod of inaccuracy (6/12)
   (You found it on level 7 of the Lair of Beasts)
 t - a -1 rod of inaccuracy (14/14)
   (You found it on level 3 of the Lair of Beasts)
Jewellery
 m - a +5 ring of evasion (left hand)
 n - an uncursed ring of see invisible
 z - a +6 ring of strength (right hand)
 C - an uncursed amulet of clarity
 K - an uncursed amulet of resist corrosion
 M - an uncursed ring of protection from magic
 O - an uncursed ring of teleportation
 R - an amulet of regeneration (around neck)
 S - the ring "Miqi" {AC-4 Int+3 SInv}
   (You found it on level 1 of the Spider Nest)

   [ring of protection]

   It affects your AC (-4).
   It affects your intelligence (+3).
   It lets you see invisible.
Wands
 e - a wand of enslavement (6)
 q - a wand of digging (7)
 A - a wand of disintegration (13)
 V - a wand of teleportation (4)
Scrolls
 i - 11 scrolls of identify
 j - 5 scrolls of fog
 k - 4 scrolls of recharging
 r - 9 scrolls of remove curse
 L - 10 scrolls of teleportation
 Q - 5 scrolls of blinking
 U - a scroll of fear
 Y - a scroll of magic mapping
Potions
 h - 3 potions of might
 l - 2 potions of heal wounds
 x - 9 potions of curing
 B - a potion of haste
 D - 5 potions of cancellation
 E - a potion of agility
 G - 3 potions of resistance
Miscellaneous
 u - a lamp of fire
 H - a phial of floods
Comestibles
 g - 13 bread rations
 o - 16 meat rations
 N - 2 chunks of flesh


   Skills:
 + Level 12.7 Fighting
   Level 10.1(12.8) Short Blades
 - Level 12.9(14.2) Long Blades
 - Level 0.8 Staves
 - Level 10.0 Throwing
 - Level 15.3 Armour
 - Level 8.0 Dodging
 - Level 4.4 Stealth
 - Level 5.1 Shields
 - Level 4.1 Spellcasting
 - Level 6.1 Translocations
 - Level 11.3 Evocations


You had 12 spell levels left.
You knew the following spells:

 Your Spells              Type           Power        Failure   Level  Hunger
a - Apportation           Tloc           ####......   17%         1    None
b - Blink                 Tloc           N/A          24%         2    #......
c - Passage of Golubria   Tloc           N/A          98%         4    ####...
d - Spectral Weapon       Hex/Chrm       #.......     100%        3    ###....
p - Portal Projectile     Tloc           ####..       52%         3    ###....


Dungeon Overview and Level Annotations

Branches:
Dungeon (15/15)            Temple (1/1) D:5            Lair (8/8) D:8
 Shoals (4/4) Lair:4       Spider (4/4) Lair:4        Slime (0/6) Lair:7
    Orc (4/4) D:10            Elf (0/3) Orc:3        Vaults (0/5) D:13
 Depths (0/5) D:15

Shops:
D:12 [   Orc:3 [   Orc:4 }![!(=[[   Shoals:4 =


Innate Abilities, Weirdness & Mutations

You have an increased reservoir of magic (+10% MP).
Your attributes are resistant to harm.
You are surrounded by a moderate repulsion field (EV +3).
You are clumsy. (Dex -2)
Your body sometimes deteriorates upon taking damage.
Your system is resistant to poisons.
You can spit weak poison.


Message History

The wind drake exhales a fierce blast of wind!
The wind drake summons a great blast of wind!
You are blown backwards!
The griffon is blown away by the wind.
Wear which item? (? for menu, Esc to quit)
Keep disrobing?
You start removing your armour.
You continue taking off your +1 pair of boots of flying.
The manticore flicks its tail.
The volley of spikes misses you.
You continue taking off your +1 pair of boots of flying.
The wind drake exhales a fierce blast of wind!
The wind drake summons a great blast of wind!
You are blown backwards!
The griffon is blown away by the wind.
You continue taking off your +1 pair of boots of flying. x2
The manticore flicks its tail.
The volley of spikes hits you!
You finish taking off your +1 pair of boots of flying.
You float gracefully downwards.
You fall into the water!
You sink like a stone!
You drown...
You die...

≈≈≈............$.≈≈≈≈≈≈≈≈≈≈≈≈
≈≈≈.............≈≈≈≈
≈≈≈.....≈#≈#≈.≈≈≈≈≈≈
≈≈≈≈≈...≈#≈≈≈#≈≈≈≈≈≈≈
≈≈≈≈≈...#≈≈≈≈≈#≈≈≈≈≈≈
≈≈≈≈≈...≈≈≈≈≈≈≈≈≈≈≈≈≈≈≈
≈≈≈≈≈(..#≈≈≈≈≈#≈≈≈≈≈≈≈≈≈P
≈≈≈≈....≈#≈≈≈#≈≈≈≈≈≈≈≈≈≈#
≈≈≈......≈#≈#@.≈≈≈≈≈≈≈≈#
≈≈≈............≈≈≈≈≈≈≈≈#
+##(..<.)......≈≈≈≈≈≈≈#
##(........♣.≈≈≈≈≈≈≈#
#..(Hk......≈≈≈≈≈≈≈##
#........♣∩♣≈≈≈≈≈≈≈.#
#...........≈≈≈≈≈≈≈≈.
##.........♣≈≈≈≈≈≈≈≈≈#
≈≈#####...........≈≈≈≈≈≈≈≈##


You could see a wind drake and a manticore.

Vanquished Creatures
  Polyphemus (Shoals:2)
  Frances (D:12)
  Ilsuiw (Shoals:3)
  Louise (Spider:1)
  9 emperor scorpions
  A frost giant (Shoals:3)
  2 orc warlords
  5 ghost moths
  A stone giant (Orc:4)
  Azrael (Orc:4)
  6 dire elephants (Lair:8)
  4 merfolk impalers
  A minotaur (Lab)
  5 merfolk javelineers
  4 vault guards (D:13)
  The ghost of Yevrel the Cleaver, a journeyman MiBe of Trog (D:11)
  An entropy weaver (Spider:4)
  A yaktaur captain (D:15)
  2 centaur warriors
  7 hydras
  A catoblepas (Shoals:1)
  2 merfolk aquamancers
  4 satyrs
  4 merfolk avatars
  An anaconda (Lair:8)
  2 ogre magi
  11 death yaks
  Urug (Orc:1)
  4 orc high priests
  Sonja (Orc:2)
  2 skeletal warriors (D:15)
  A fire crab (Lair:7)
  15 sea snakes
  A wizard (D:14)
  2 unseen horrors
  5 harpies (Shoals:1)
  The ghost of WereVolvo the Skirmisher, a novice HOFi (D:9)
  2 hill giants
  9 orc sorcerers
  An oklob plant (Lair:4)
  31 wolf spiders
  3 water nymphs (Shoals:4)
  7 orc knights
  8 manticores
  7 griffons
  2 moths of wrath
  21 orb spiders
  23 elephants
  2 molten gargoyles (Volcano)
  10 fauns
  5 black mambas
  12 ugly things
  11 cyclopes
  A centaur zombie (D:11)
  8 sirens
  7 hornets
  2 gargoyles (D:15)
  2 torpor snails
  11 komodo dragons
  6 centaur skeletons
  18 spiny frogs
  2 fire drakes
  18 demonic crawlers
  A redback zombie (D:14)
  A yaktaur (D:15)
  A freezing wraith (D:15)
  A minotaur zombie (Lab)
  2 harpy zombies (Shoals:1)
  30 jumping spiders
  A wind drake (Shoals:2)
  27 merfolk
  7 trolls
  5 slime creatures (D:15)
  7 polar bears
  A harpy skeleton (D:15)
  5 boulder beetles
  13 snapping turtles
  5 two-headed ogres
  19 blink frogs
  35 redbacks
  3 shadows
  2 wyverns
  22 trapdoor spiders
  6 fire elementals
  7 basilisks
  2 water elementals
  78 yaks
  A vampire (D:14)
  2 deep elf magi
  2 hungry ghosts
  29 tarantellas
  2 humans
  12 wolves
  A mottled dragon (D:15)
  4 vampire mosquitoes (D:12)
  Menkaure (D:6)
  16 hippogriffs
  14 water moccasins
  2 wargs
  16 porcupines
  2 black bears
  15 ogres
  4 ice beasts
  38 spiders
  3 phantoms
  2 wasps
  22 centaurs
  An eye of draining (D:14)
  A hell hound (Orc:4)
  37 orc warriors
  4 necrophages
  14 crocodiles
  3 big kobolds
  A giant frog (shapeshifter) (D:15)
  30 giant frogs
  2 wyvern zombies
  2 water moccasin zombies (Ossuary)
  4 scorpions
  3 hippogriff zombies (Shoals:1)
  9 killer bees
  7 wights
  3 electric eels
  2 lava snakes (Volcano)
  7 crimson imps
  A wasp zombie (D:12)
  6 bog bodies (Ossuary)
  3 giant frog zombies
  21 orc priests
  5 jellies
  30 orc wizards
  13 worker ants
  10 hounds
  A giant frog skeleton (D:13)
  7 iguanas
  A quasit (D:10)
  28 sheep
  2 killer bee zombies
  4 hound zombies
  A hound skeleton (D:6)
  8 mummies (Ossuary)
  6 worker ant zombies
  9 gnolls
  60 river rats
  8 adders
  4 shadow imps
  8 adder zombies
  An ooze (D:1)
  5 worms
  6 giant geckos
  197 orcs
  4 giant cockroaches
  9 hobgoblins
  7 jackals
  20 kobolds
  6 quokkas
  2 ball pythons
  9 bats
  3 giant gecko zombies (Ossuary)
  7 giant newts
  10 goblins
  A quokka skeleton (D:4)
  6 quokka zombies
  16 rats
  3 fungi
  10 plants
1499 creatures vanquished.

Vanquished Creatures (collateral kills)
  A skeletal warrior (D:15)
1 creature vanquished.

Vanquished Creatures (others)
  An orb spider (Spider:4)
  A shadow (D:11)
  A basilisk (Lair:6)
  A giant frog (Lair:6)
  4 orcs
  36 fungi
  25 plants
69 creatures vanquished.

Grand Total: 1569 creatures vanquished

Notes
Turn   | Place    | Note
--------------------------------------------------------------
     0 | D:1      | hannobal the Demigod Assassin began the quest for the Orb.
     0 | D:1      | Reached XP level 1. HP: 17/17 MP: 3/3
   106 | D:1      | Reached skill level 4 in Stealth
   407 | D:1      | Reached skill level 1 in Dodging
   407 | D:1      | Reached XP level 2. HP: 24/24 MP: 4/4
  1085 | D:1      | Reached XP level 3. HP: 25/29 MP: 5/5
  1499 | D:2      | Found an opulent altar of Gozag.
  1499 | D:2      | Found a basalt altar of Yredelemnul.
  1499 | D:2      | Found a sparkling altar of Nemelex Xobeh.
  1501 | D:2      | Found a shattered altar of Ashenzari.
  1502 | D:2      | Found a stormy altar of Qazlal.
  1717 | D:2      | Found an ancient bone altar of Kikubaaqudgha.
  1954 | D:2      | Reached XP level 4. HP: 36/36 MP: 6/6
  1993 | D:2      | Found a sacrificial altar of Ru.
  3118 | D:4      | Found a blossoming altar of Fedhas.
  3118 | D:4      | Noticed an ogre
  3121 | D:4      | Killed an ogre
  3121 | D:4      | Reached XP level 5. HP: 41/41 MP: 7/7
  3935 | D:5      | Entered Level 5 of the Dungeon
  3936 | D:5      | Reached XP level 6. HP: 48/48 MP: 8/8
  4293 | D:5      | Found a sand-covered staircase.
  4304 | Ossuary  | Entered an ossuary
  4487 | Ossuary  | Reached skill level 5 in Short Blades
  4576 | Ossuary  | Reached XP level 7. HP: 46/55 MP: 9/9
  4695 | Ossuary  | Reached skill level 6 in Short Blades
  4859 | Ossuary  | Gained mutation: You are clumsy. (Dex -2) [potion of mutation]
  4859 | Ossuary  | Gained mutation: Your system is resistant to poisons. [potion of mutation]
  4859 | Ossuary  | Gained mutation: Your body sometimes deteriorates upon taking damage. [potion of mutation]
  5001 | Ossuary  | Reached skill level 7 in Short Blades
  5144 | D:5      | Found a staircase to the Ecumenical Temple.
  5188 | Temple   | Entered the Ecumenical Temple
  5431 | D:5      | Found a shimmering altar of Xom.
  5774 | D:6      | Learned a level 2 spell: Blink
  5776 | D:6      | Learned a level 1 spell: Apportation
  5900 | D:6      | Noticed Menkaure
  5909 | D:6      | Killed Menkaure
  5909 | D:6      | Reached XP level 8. HP: 38/61 MP: 10/10
  6580 | D:7      | Reached skill level 8 in Short Blades
  6963 | D:7      | Reached skill level 9 in Short Blades
  7058 | D:7      | Reached skill level 1 in Armour
  7299 | D:8      | Found a staircase to the Lair.
  7646 | D:8      | Reached XP level 9. HP: 67/67 MP: 11/11
  7974 | D:8      | Found a glowing golden altar of the Shining One.
  8182 | D:8      | Reached skill level 10 in Short Blades
  8186 | D:8      | Found an iron altar of Okawaru.
  8257 | D:8      | Reached skill level 1 in Long Blades
  8471 | Lair:1   | Entered Level 1 of the Lair of Beasts
  8529 | Lair:1   | Got a shimmering hand axe
  8530 | Lair:1   | Identified the +8 hand axe of the Lost Souls {flame, rElec} (You found it on level 1 of the Lair of Beasts)
  8589 | Lair:1   | Reached skill level 1 in Evocations
  8846 | Lair:1   | Reached skill level 5 in Long Blades
  8867 | Lair:1   | Reached XP level 10. HP: 61/72 MP: 14/14
  8980 | Lair:1   | Noticed a spiny frog
  8989 | Lair:1   | Killed a spiny frog
  9148 | Lair:1   | Noticed a komodo dragon
  9159 | Lair:1   | Killed a komodo dragon
  9266 | Lair:1   | Noticed a spiny frog
  9273 | Lair:1   | Killed a spiny frog
  9857 | Lair:1   | Learned a level 3 spell: Portal Projectile
 10318 | D:9      | Noticed WereVolvo's ghost (novice HOFi)
 10344 | D:9      | Killed WereVolvo's ghost
 10836 | D:9      | Reached skill level 10 in Long Blades
 10858 | D:10     | Entered Level 10 of the Dungeon
 11036 | D:10     | Reached XP level 11. HP: 79/79 MP: 15/15
 11223 | D:10     | Found a staircase to the Orcish Mines.
 11519 | D:10     | Found a roughly hewn altar of Beogh.
 12036 | Orc:1    | Entered Level 1 of the Orcish Mines
 12632 | Orc:2    | Found a dark tunnel.
 12634 | Orc:2    | Noticed a sun demon
 12641 | Volcano  | Entered a volcano
 12816 | Volcano  | Found a radiant altar of Vehumet.
 13118 | Volcano  | Reached skill level 11 in Long Blades
 13334 | Orc:2    | Noticed Urug
 13545 | Lair:2   | Reached skill level 1 in Shields
 14522 | Lair:2   | Reached skill level 5 in Shields
 14965 | Lair:3   | Found a frozen archway.
 14969 | IceCv    | Entered an ice cave
 15116 | IceCv    | Reached XP level 12. HP: 91/91 MP: 16/16
 15274 | IceCv    | Reached skill level 12 in Long Blades
 16249 | Lair:3   | Identified a -1 rod of inaccuracy (14/14) (You found it on level 3 of the Lair of Beasts)
 16641 | Lair:4   | Found a labyrinth entrance.
 16653 | Lab      | Entered a labyrinth
 17109 | Lab      | Noticed a minotaur
 17132 | Lab      | Killed a minotaur
 17158 | Lab      | Identified a +0 pair of boots of running (You found it in a labyrinth)
 17414 | Lair:2   | Gained mutation: You can spit weak poison. [potion of beneficial mutation]
 17415 | Lair:2   | Gained mutation: You are surrounded by a mild repulsion field (EV +2). [potion of beneficial mutation]
 17677 | Lair:4   | Found a hole to the Spider Nest.
 17696 | Lair:4   | Reached skill level 1 in Spellcasting
 18162 | Lair:4   | Reached skill level 5 in Fighting
 18460 | Lair:4   | Noticed a six-headed hydra
 18473 | Lair:4   | Killed a three-headed hydra
 18473 | Lair:4   | Reached skill level 5 in Throwing
 18608 | Lair:4   | Noticed a five-headed hydra
 18617 | Lair:4   | Killed a four-headed hydra
 18720 | Lair:4   | Found a staircase to the Shoals.
 19305 | Lair:5   | Reached skill level 5 in Evocations
 20102 | Lair:5   | Reached XP level 13. HP: 79/100 MP: 17/20
 20106 | Lair:5   | Reached skill level 5 in Armour
 21581 | D:10     | Reached skill level 5 in Translocations
 21699 | Orc:1    | Killed Urug
 22391 | Orc:2    | Noticed Sonja
 22394 | Orc:2    | Killed Sonja
 23180 | Orc:3    | Found Cupt's Armour Shop.
 23213 | Orc:3    | Bought a +0 pair of gloves for 54 gold pieces
 23798 | Orc:3    | Found a staircase to the Elven Halls.
 23929 | Orc:4    | Entered Level 4 of the Orcish Mines
 23929 | Orc:4    | Found Hiupnoocw's Distillery.
 23953 | Orc:4    | Noticed Azrael
 24425 | Lair:2   | Learned a level 4 spell: Passage of Golubria
 24429 | Lair:2   | Learned a level 3 spell: Spectral Weapon
 24923 | Lair:6   | Gained mutation: You are surrounded by a moderate repulsion field (EV +3). [potion of beneficial mutation]
 25411 | Lair:7   | Got a brightly glowing plate armour
 25428 | Lair:6   | Identified the cursed +0 plate armour of the Equinox {rPois rN+ Str-5 SInv} (You found it on level 7 of the Lair of Beasts)
 25846 | Lair:7   | Found a staircase to the Slime Pits.
 26500 | Lair:7   | Identified a +1 rod of inaccuracy (12/12) (You found it on level 7 of the Lair of Beasts)
 26768 | Lair:7   | Reached XP level 14. HP: 111/114 MP: 24/24
 28148 | Lair:8   | Entered Level 8 of the Lair of Beasts
 29571 | Lair:8   | Reached skill level 5 in Dodging
 29966 | Lair:8   | Got a crude scale mail
 29977 | Lair:8   | Identified the +3 scale mail of Aqatush {MP-9 Dex+9} (You found it on level 8 of the Lair of Beasts)
 30066 | Lair:8   | Got a brightly glowing hunting sling
 30067 | Lair:8   | Identified the +6 hunting sling "Ebon Wam" {venom, Int+2 Dex+7} (You found it on level 8 of the Lair of Beasts)
 31013 | Orc:4    | Noticed an orc warlord
 31027 | Orc:4    | Killed Azrael
 31054 | Orc:3    | Killed an orc warlord
 31540 | Orc:4    | Noticed an orc warlord
 31546 | Orc:4    | Killed an orc warlord
 31796 | Orc:4    | Noticed a stone giant
 31801 | Orc:4    | Killed a stone giant
 31908 | Orc:4    | Found Sisuy's Armour Emporium.
 32024 | Orc:4    | Found Xipof's Armour Shoppe.
 32226 | Orc:4    | Found Rawateod's Gadget Emporium.
 33075 | Orc:3    | Reached XP level 15. HP: 124/124 MP: 25/25
 33246 | Orc:4    | Found Kogatreamp's Armour Emporium.
 33246 | Orc:4    | Found Uneproask's Distillery.
 33251 | Orc:4    | Found Juannici's Jewellery Emporium.
 33251 | Orc:4    | Found Fuxkeoge's Antique Weapon Boutique.
 34020 | D:11     | Noticed Yevrel's ghost (journeyman MiBe)
 34076 | D:11     | Killed Yevrel's ghost
 34639 | D:12     | Found Cisoz's Antique Armour Emporium.
 34664 | D:12     | Bought a pair of glowing boots for 153 gold pieces
 34928 | D:12     | Reached skill level 10 in Fighting
 35392 | D:12     | Noticed Frances
 35413 | D:12     | Killed Frances
 35953 | D:13     | Reached skill level 10 in Armour
 36048 | D:13     | Got a shimmering turquoise ring
 36050 | D:13     | Identified the ring "Cashuiho" {*Corrode *Confuse rElec rN+ Dex+4} (You found it on level 13 of the Dungeon)
 36190 | D:13     | Found a gate to the Vaults.
 37093 | D:14     | Reached skill level 10 in Evocations
 37308 | Orc:4    | Bought a gold dragon hide for 840 gold pieces
 37823 | Orc:4    | Bought a potion of heal wounds for 70 gold pieces
 37823 | Orc:4    | Bought a potion of curing for 42 gold pieces
 37823 | Orc:4    | Bought 2 potions of curing for 84 gold pieces
 37823 | Orc:4    | Bought a potion of might for 56 gold pieces
 38004 | Orc:4    | Bought a potion of cure mutation for 490 gold pieces
 38004 | Orc:4    | Bought a potion of might for 56 gold pieces
 38004 | Orc:4    | Bought a potion of cancellation for 112 gold pieces
 38004 | Orc:4    | Bought a potion of haste for 140 gold pieces
 38004 | Orc:4    | Bought a potion of curing for 42 gold pieces
 38004 | Orc:4    | Bought 2 potions of curing for 84 gold pieces
 38539 | D:15     | Entered Level 15 of the Dungeon
 39399 | D:15     | Found a bloodstained altar of Trog.
 39704 | D:15     | Found a staircase to the Depths.
 40579 | Spider:1 | Entered Level 1 of the Spider Nest
 40648 | Spider:1 | Got a pitted jade ring
 40653 | Spider:1 | Identified the cursed ring "Miqi" {AC-4 Int+3 SInv} (You found it on level 1 of the Spider Nest)
 41232 | Spider:1 | Reached XP level 16. HP: 137/137 MP: 27/27
 41567 | Spider:1 | Noticed Louise
 41752 | Spider:1 | Killed Louise
 42788 | Spider:2 | Reached skill level 13 in Armour
 44687 | Spider:3 | Reached skill level 14 in Armour
 45766 | Spider:4 | Entered Level 4 of the Spider Nest
 45835 | Spider:4 | Got a crude quarterstaff
 45853 | Spider:3 | Identified the cursed +1 quarterstaff of Subterfuge {crush, rC++} (You found it on level 4 of the Spider Nest)
 46235 | Spider:4 | Reached skill level 15 in Armour
 47805 | Spider:2 | Reached XP level 17. HP: 128/146 MP: 28/28
 48813 | Spider:4 | Got a gossamer rune of Zot
 49249 | Shoals:1 | Entered Level 1 of the Shoals
 51830 | Shoals:2 | Noticed Polyphemus
 52073 | Shoals:2 | Killed Polyphemus
 52770 | Shoals:3 | Identified a scroll of acquirement
 53461 | Shoals:3 | Reached skill level 10 in Throwing
 53605 | Shoals:4 | Entered Level 4 of the Shoals
 53765 | Shoals:3 | Got a distressingly furry plate armour
 53766 | Shoals:3 | Identified the +3 plate armour of Incorporation {-Tele rElec rF- MP+9} (You acquired it on level 3 of the Shoals)
 53770 | Shoals:3 | Got a polished hat
 53781 | Shoals:3 | Identified the +0 hat of the Pure Lies {+Blink rN+ MP-9 Int+5} (You acquired it on level 3 of the Shoals)
 53835 | Shoals:4 | Identified the Volume of Curses
 53895 | Shoals:4 | Found Rinkuh's Jewellery Emporium.
 53895 | Shoals:4 | Noticed Ilsuiw
 54362 | Shoals:3 | Killed Ilsuiw
 54562 | Shoals:4 | Reached XP level 18. HP: 145/155 MP: 22/31
 54605 | Shoals:4 | Bought an uncursed ring of see invisible for 285 gold pieces
 54865 | Shoals:4 | Drowned

Action                   |  1- 3 |  4- 6 |  7- 9 | 10-12 | 13-15 | 16-18 || total
-------------------------+-------+-------+-------+-------+-------+-------++-------
Melee: Short sword       |   169 |   184 |   454 |   687 |       |       ||  1494
       Staff             |       |       |       |     8 |       |       ||     8
       Falchion          |       |       |       |   138 |    53 |       ||   191
       Long sword        |       |       |       |   564 |  1440 |       ||  2004
       Scimitar          |       |       |       |       |   977 |  1677 ||  2654
       Demon blade       |       |       |       |       |       |   276 ||   276
 Fire: Blowgun           |    44 |       |     8 |    32 |    32 |     9 ||   125
       Hunting sling     |       |       |       |       |    18 |   159 ||   177
Throw: Stone             |    47 |    62 |    20 |    64 |    29 |       ||   222
       Javelin           |       |       |    11 |    46 |    85 |   162 ||   304
       Tomahawk          |       |       |     9 |   142 |   117 |       ||   268
       Throwing net      |       |       |     2 |     2 |       |       ||     4
 Cast: Blink             |       |       |     2 |       |       |       ||     2
       Apportation       |       |       |       |       |       |     1 ||     1
Evoke: Wand              |       |       |       |    17 |    11 |     4 ||    32
       Rod               |       |       |       |    12 |   198 |   111 ||   321
       Staff of energy   |       |       |       |       |    83 |       ||    83
       Lamp of fire      |       |       |       |       |     2 |     1 ||     3
  Use: Scroll            |     8 |     2 |    10 |    11 |    20 |    15 ||    66
       Potion            |     5 |     2 |     6 |    17 |     4 |     3 ||    37
 Stab: Sleeping          |     9 |     4 |     7 |     9 |     4 |       ||    33
       Paralysed         |       |     1 |       |       |       |       ||     1
       Distracted        |       |       |     1 |       |     5 |       ||     6
       Confused          |       |       |       |     2 |     2 |       ||     4
       Petrified         |       |       |       |       |       |     2 ||     2
  Eat: Chunk             |     3 |     8 |    10 |    31 |    54 |    29 ||   135
       Pizza             |       |     1 |     2 |     1 |     6 |     6 ||    16
       Fruit             |       |       |     4 |     6 |    18 |     2 ||    30
       Royal jelly       |       |       |     1 |       |     1 |     2 ||     4
       Beef jerky        |       |       |     1 |     4 |     2 |     2 ||     9
       Meat ration       |       |       |     1 |       |       |       ||     1
       Bread ration      |       |       |       |     1 |     2 |     4 ||     7
